 Dungeon Crawl Stone Soup version 0.21.1-1-g345015f (webtiles) character file.

12679 n0claF the Fighter (level 11, 0/153 HPs)
             Began as a Minotaur Berserker on June 14, 2018.
             Was a High Priest of Trog.
             Slain by an Executioner (2 damage)
             ... on level 2 of the Abyss.
             The game lasted 00:34:58 (7904 turns).

n0claF the Fighter (Minotaur Berserker)             Turns: 7904, Time: 00:34:58

Health: 0/153      AC: 13    Str: 30    XL:     11   Next: 65%
Magic:  10/10      EV: 19    Int:  4    God:    Trog [*****.]
Gold:   504        SH:  0    Dex: 10    Spells: 10/10 levels left

rFire    . . .     SeeInvis .   w - +3 quarterstaff (chaos)
rCold    . . .     Gourm    .   (shield currently unavailable)
rNeg     . . .     Faith    .   D - +2 scale mail {rPois}
rPois    +         Spirit   .   (helmet restricted)
rElec    .         Reflect  .   v - +0 cloak
rCorr    .         Harm     .   x - +0 pair of gloves
MR       +....                  (no boots)
Stlth    ..........             z - amulet of regeneration {!d}
HPRegen  0.75/turn              l - ring of protection from magic
MPRegen  0.12/turn              y - +4 ring of evasion

@: berserking, very quick
A: retaliatory headbutt, horns 2
a: Berserk, Trog's Hand, Brothers in Arms, Burn Spellbooks, Renounce Religion


You were on level 2 of the Abyss.
You worshipped Trog.
Trog was extremely pleased with you.
You were not hungry.

You visited 1 branch of the dungeon, and saw 10 of its levels.
You visited the Abyss 2 times.

You collected 504 gold pieces.

Inventory:

Hand Weapons
 m - a +0 vampiric hand axe {!w}
   (You took it off an orc on level 4 of the Dungeon)
 w - a +3 quarterstaff of chaos (weapon)
   (You took it off Crazy Yiuf on level 6 of the Dungeon)
Missiles
 G - 2 tomahawks of dispersal (quivered) {!f}
Armour
 v - a +0 cloak (worn)
   (You took it off Crazy Yiuf on level 6 of the Dungeon)
 x - a +0 pair of gloves (worn)
   (You found it on level 8 of the Dungeon)
 D - a +2 scale mail of poison resistance (worn)
   (You found it on level 8 of the Dungeon)
 F - a +0 shield
   (You found it on level 9 of the Dungeon)
Jewellery
 h - an uncursed ring of positive energy
   (You found it on level 2 of the Dungeon)
 l - a ring of protection from magic (left hand)
   (You took it off an orc on level 5 of the Dungeon)
 y - a +4 ring of evasion (right hand)
   (You found it on level 7 of the Dungeon)
 z - an amulet of regeneration (around neck) {!d}
   (You found it on level 8 of the Dungeon)
Wands
 u - a wand of paralysis (15)
   (You took it off Ijyb on level 3 of the Dungeon)
Scrolls
 a - a scroll of brand weapon {unknown}
 b - 7 scrolls of identify {@r1}
 d - 4 scrolls of enchant armour
 f - a scroll of magic mapping
 g - a scroll of remove curse {@r2}
 n - 7 scrolls of teleportation {@r4}
 q - 4 scrolls of immolation {unknown}
 r - 2 scrolls of fog {unknown}
 s - a scroll of fear {unknown}
 t - 2 scrolls of vulnerability {unknown}
 B - 3 scrolls of noise {unknown}
Potions
 c - 4 potions of brilliance {unknown}
 j - a potion of mutation {unknown}
 k - 3 potions of curing {unknown}
 o - 3 potions of haste {@q3}
 p - 2 potions of berserk rage {unknown}
 A - 2 potions of might {unknown}
 E - a potion of flight {unknown}
 H - a potion of resistance {unknown}
Comestibles
 e - 9 rations {!d}


   Skills:
 + Level 11.1 Fighting
 - Level 8.5 Axes
 * Level 10.4 Staves
 + Level 10.9 Armour
 + Level 10.0 Dodging


You had 10 spell levels left.
You didn't know any spells.

Dungeon Overview and Level Annotations

Branches:
Dungeon (10/15)            Temple (0/1) D:4             Orc (0/2) D:9
   Lair: D:8-11

Altars:
Ashenzari
Cheibriados
Dithmenos
Gozag
Nemelex Xobeh
Okawaru
Qazlal
Ru
Sif Muna
Trog
Wu Jian
Xom
Yredelemnul

Shops:
D:9 *[%%


Innate Abilities, Weirdness & Mutations

You reflexively headbutt those who attack you in melee.
You have a pair of horns on your head.


Message History

* * * LOW HITPOINT WARNING * * *
The Executioner hits you but does no damage.
The Executioner hits your ogre!! The Executioner hits your ogre.
The Executioner hits your ogre! The Executioner hits your ogre.
Your ogre dies!
Your ogre's corpse disappears in a puff of smoke!
You feel much better. The Executioner hits you.
The Executioner closely misses you.
The Executioner hits you but does no damage.
The Executioner hits you.
* * * LOW HITPOINT WARNING * * *
The Executioner hits you.
* * * LOW HITPOINT WARNING * * *
The Executioner hits you but does no damage.
The Executioner hits you!
* * * LOW HITPOINT WARNING * * *
The Executioner misses you. The Executioner barely misses you.
A red film seems to cover your vision as you go berserk!
You feel yourself moving faster!
You feel mighty!
You feel a lot more hungry. The Executioner hits you!
* * * LOW HITPOINT WARNING * * *
The Executioner barely misses you. The Executioner hits you.
* * * LOW HITPOINT WARNING * * *
The Executioner closely misses you.
The Executioner hits you but does no damage. x2
The Executioner barely misses you.
The Executioner hits you but does no damage.
The Executioner closely misses you.
You miss the Executioner. The Executioner closely misses you.
The Executioner completely misses you. The Executioner hits you!
* * * LOW HITPOINT WARNING * * *
You sock the Executioner!
The Executioner flickers and vanishes!
Deactivating autopickup; reactivate with Ctrl-A.
Something hits you but does no damage. Something hits you.
* * * LOW HITPOINT WARNING * * *
Something hits you but does no damage. Something hits you but does no damage.
Something hits you.
* * * LOW HITPOINT WARNING * * *
Something hits you but does no damage.
You bludgeon something!! Something hits you!!
* * * LOW HITPOINT WARNING * * *
Something hits you but does no damage. Something hits you but does no damage.
Something hits you!
* * * LOW HITPOINT WARNING * * *
Something hits you.
You die...

# ##.. ###..
###..# # ## .#.
#...## ##. # .
... . #.@..#....#
# ##..
..#.##{....# # .
.....#.##...#...#
# . #.....#)#
.#... #. ..#
....##[.# ...#. .
. .. ..Y...# ##.#
. .### ..### ..#
. . . R#.#R#.. ..
. # 4#..#4#.#. .#


There were no monsters in sight!

Vanquished Creatures
  The ghost of Bareth the Impaler, a journeyman MiBe of Trog (D:10)
  2 two-headed ogres
  2 wizards (D:10)
  A cyclops (D:10)
  Joseph (D:10)
  The ghost of zuik the Basher, an amateur MiBe of Trog (D:4)
  A troll (D:9)
  A hippogriff (D:8)
  A spriggan (D:10)
  2 wyverns
  9 yaks
  2 hungry ghosts
  A human (D:10)
  5 orc warriors
  4 ice beasts
  4 sky beasts
  A black bear (D:9)
  2 phantoms (D:5)
  A necrophage (D:7)
  A wolf (D:10)
  2 centaurs
  5 ogres
  A big kobold (D:8)
  3 bullfrogs
  2 scorpions (D:5)
  The ghost of inc the Skirmisher, a weakling DsMo (D:3)
  5 howler monkeys
  A crimson imp (D:10)
  A quasit (D:9)
  A bullfrog zombie (D:8)
  2 centaur zombies (D:8)
  3 jellies
  A hound (D:5)
  Crazy Yiuf (D:6)
  5 orc priests
  3 bullfrog skeletons
  4 centaur skeletons
  5 iguanas
  6 orc wizards
  Ijyb (D:3)
  Terence (D:2)
  15 worker ants
  A howler monkey zombie (D:9)
  A worker ant zombie (D:9)
  A howler monkey skeleton (D:8)
  6 gnolls
  17 adders
  3 shadow imps
  4 worms
  2 dart slugs
  9 leopard geckos
  40 orcs
  7 giant cockroaches
  6 goblins
  4 hobgoblins
  8 jackals
  13 kobolds
  7 quokkas
  2 ball pythons
  7 bats
  8 frilled lizards
  2 jackal zombies
  A leopard gecko skeleton (D:4)
  A quokka skeleton (D:4)
  3 rats
265 creatures vanquished.

Vanquished Creatures (collateral kills)
  A draconian monk (Abyss:2)
  A rakshasa (Abyss:2)
  An anaconda skeleton (Abyss:2)
  An orange demon (Abyss:2)
  A sky beast (Abyss:2)
5 creatures vanquished.

Vanquished Creatures (others)
  A wizard (D:10)
  A fungus (D:6)
2 creatures vanquished.

Grand Total: 272 creatures vanquished

Notes
Turn   | Place    | Note
-------+----------+-------------------------------------------
     0 | D:1      | n0claF the Minotaur Berserker began the quest for the Orb.
     0 | D:1      | Reached XP level 1. HP: 19/19 MP: 0/0
   345 | D:1      | Reached XP level 2. HP: 25/27 MP: 1/1
   579 | D:2      | Reached skill level 4 in Fighting
   701 | D:2      | Reached XP level 3. HP: 30/33 MP: 2/2
   708 | D:2      | Found a shattered altar of Ashenzari.
   750 | D:2      | Found a deep blue altar of Sif Muna.
   791 | D:2      | Found a bloodstained altar of Trog.
   916 | D:2      | Reached ** piety under Trog
   952 | D:2      | Noticed Terence
   962 | D:2      | Killed Terence
   962 | D:2      | Reached XP level 4. HP: 32/41 MP: 3/3
  1217 | D:3      | Noticed inc's ghost (weakling DsMo)
  1240 | D:3      | Killed inc's ghost
  1494 | D:3      | Reached XP level 5. HP: 44/47 MP: 4/4
  1504 | D:3      | Noticed Ijyb
  1508 | D:3      | Paralysed by Ijyb for 7 turns
  1520 | D:3      | Killed Ijyb
  1592 | D:3      | Reached skill level 5 in Fighting
  1592 | D:3      | Reached skill level 5 in Axes
  1633 | D:3      | Reached XP level 6. HP: 27/56 MP: 5/5
  2314 | D:4      | Found a staircase to the Ecumenical Temple.
  2336 | D:4      | Noticed an ice beast
  2347 | D:4      | Killed an ice beast
  2347 | D:4      | Reached skill level 5 in Armour
  2347 | D:4      | Reached XP level 7. HP: 27/62 MP: 6/6
  2615 | D:4      | Noticed zuik's ghost (amateur MiBe)
  2615 | D:4      | Reached *** piety under Trog
  2625 | D:4      | Killed zuik's ghost
  2625 | D:4      | Reached skill level 6 in Fighting
  2625 | D:4      | Reached skill level 5 in Dodging
  2974 | D:5      | Entered Level 5 of the Dungeon
  3169 | D:5      | Reached XP level 8. HP: 67/71 MP: 7/7
  3457 | D:5      | Reached skill level 7 in Fighting
  3478 | D:5      | Reached **** piety under Trog
  3856 | D:5      | Found a sparkling altar of Nemelex Xobeh.
  3857 | D:5      | Found an opulent altar of Gozag.
  4268 | D:6      | Found an iron altar of Okawaru.
  4323 | D:6      | Reached XP level 9. HP: 76/81 MP: 8/8
  4334 | D:6      | Reached skill level 8 in Fighting
  4722 | D:6      | Found a runed door.
  4770 | D:6      | Found an ornate altar of the Wu Jian Council.
  4770 | D:6      | Found a shimmering altar of Xom.
  4770 | D:6      | Found a stormy altar of Qazlal.
  4771 | D:6      | Found a snail-covered altar of Cheibriados.
  4774 | D:6      | Found a basalt altar of Yredelemnul.
  4881 | D:6      | Found a sacrificial altar of Ru.
  4881 | D:6      | Found a shadowy altar of Dithmenos.
  5027 | D:6      | Noticed Crazy Yiuf
  5031 | D:6      | Killed Crazy Yiuf
  5129 | D:7      | Reached skill level 1 in Staves
  5889 | D:8      | Reached ***** piety under Trog
  5979 | D:8      | Noticed a two-headed ogre
  5984 | D:8      | Killed a two-headed ogre
  5984 | D:8      | Reached skill level 9 in Fighting
  5985 | D:8      | Reached XP level 10. HP: 91/91 MP: 9/9
  6020 | D:8      | Got an ancient robe
  6041 | D:8      | Reached skill level 5 in Staves
  6044 | D:8      | Received a gift from Trog
  6541 | D:9      | Found Immeack's Food Shoppe.
  6609 | D:9      | Found Rirghilus's Food Shop.
  6621 | D:9      | Found Ecraih's Antique Armour Emporium.
  6720 | D:9      | Found a staircase to the Orcish Mines.
  6775 | D:9      | Reached skill level 10 in Fighting
  7002 | D:9      | Found Repriynua's Assorted Antiques.
  7070 | D:10     | Entered Level 10 of the Dungeon
  7110 | D:10     | Noticed Joseph
  7121 | D:10     | Killed Joseph
  7159 | D:10     | Noticed Bareth's ghost (journeyman MiBe)
  7167 | D:10     | Reached skill level 10 in Armour
  7187 | D:10     | Reached XP level 11. HP: 43/101 MP: 10/10
  7189 | D:10     | Killed Bareth's ghost
  7483 | D:10     | Noticed a two-headed ogre
  7492 | D:10     | Killed a two-headed ogre
  7648 | D:10     | Noticed a wizard
  7658 | D:10     | Killed a wizard
  7659 | D:10     | Noticed a wizard
  7660 | D:10     | Noticed a wizard
  7677 | D:10     | Cast into level 2 of the Abyss (a wizard)
  7685 | D:10     | Escaped the Abyss
  7685 | D:10     | Noticed a wizard
  7692 | D:10     | Killed a wizard
  7704 | D:10     | Killed a wizard
  7705 | D:10     | Cast into level 2 of the Abyss (a wizard)
  7831 | Abyss:2  | Noticed a rakshasa
  7860 | Abyss:2  | Noticed a yellow draconian monk
  7863 | Abyss:2  | Reached skill level 11 in Fighting
  7863 | Abyss:2  | Reached skill level 10 in Staves
  7868 | Abyss:2  | Killed a yellow draconian monk
  7885 | Abyss:2  | Killed a rakshasa
  7885 | Abyss:2  | Reached skill level 10 in Dodging
  7890 | Abyss:2  | Noticed an Executioner
  7904 | Abyss:2  | HP: 2/153 [something (14)]
  7904 | Abyss:2  | Slain by an Executioner

Skill      XL: |  1  2  3  4  5  6  7  8  9 10 11 |
---------------+----------------------------------+-----
Fighting       | 4 5 6 7 9 10 11 | 11.1
Axes           | 4 5 6 7 8 |  8.5
Armour         | 3 4 5 6 7 8 10 | 10.9
Dodging        | 3 4 5 6 8 9 10 | 10.0
Staves         | 4 8 10 | 10.4

Action                   |  1- 3 |  4- 6 |  7- 9 | 10-12 || total
-------------------------+-------+-------+-------+-------++-------
Melee: Hand axe          |    56 |   151 |   277 |       ||   484
       Headbutt          |     6 |    28 |    74 |    61 ||   169
       Quarterstaff      |       |       |    55 |   248 ||   303
Throw: Tomahawk          |       |       |       |     1 ||     1
Invok: Trog's Hand       |     1 |     2 |       |       ||     3
       Berserk           |       |     2 |     3 |     2 ||     7
       Burn Spellbooks   |       |       |     1 |     1 ||     2
       Brothers in Arms  |       |       |       |     4 ||     4
  Use: Potion            |       |     1 |       |     1 ||     2
       Scroll            |       |     6 |     1 |     1 ||     8
  Eat: Chunk             |       |     8 |    13 |     9 ||    30
       Ration            |       |       |     2 |     1 ||     3
Armor: Animal skin       |     8 |       |       |       ||     8
       Ring mail         |    25 |       |       |     1 ||    26
       Scale mail        |       |    73 |    84 |    77 ||   234
       Chain mail        |       |       |    15 |    14 ||    29
Dodge: Dodged            |    40 |   104 |   199 |   231 ||   574
